 Dungeon Crawl Stone Soup version 0.31-a0-924-ge39a22a033 (webtiles) character file.

Game seed: 2242615478319610320

22579 Gargoyl the Protected (level 13, -3/120 HPs)
             Began as a Gargoyle Berserker on Oct 18, 2023.
             Was an Elder of Trog.
             Slain by a catoblepas (14 damage)
             ... on level 3 of the Lair of Beasts.
             The game lasted 00:20:11 (12131 turns).

Gargoyl the Protected (Gargoyle Berserker)         Turns: 12131, Time: 00:20:11

Health: -3/120     AC: 27    Str: 20    XL:     13   Next: 1%
Magic:  13/13      EV: 17    Int: 10    God:    Trog [****..]
Gold:   430        SH:  0    Dex: 21    Spells: 12/12 levels left

rFire   . . .        k - +3 war axe
rCold   . . .        (no shield)
rNeg    + . .        h - +0 swamp dragon scales
rPois   ∞            (no helmet)
rElec   +            g - +2 cloak
rCorr   .            t - +2 pair of gloves
SInv    .            (no boots)
Will    +....        (no amulet) Stlth
                     o - +6 ring of dexterity
HPRegen 0.40/turn    b - ring of willpower
MPRegen 0.13/turn

%: no passive effects
@: berserking, flying, very quick
A: sickness immunity, AC +9, negative energy resistance 1, electricity
resistance, torment resistance 1, petrification resistance, big wings, thin
skeletal structure 1
a: Renounce Religion, Berserk, Trog's Hand, Brothers in Arms


You were on level 3 of the Lair of Beasts.
You worshipped Trog.
Trog was greatly pleased with you.
You visited 2 branches of the dungeon, and saw 12 of its levels.

You collected 740 gold pieces.
You spent 310 gold pieces at shops.

Inventory:

Hand Weapons
 a - a +0 hand axe
 d - a +4 whip
 k - a +3 war axe (weapon)
 s - a +0 short sword
Missiles
 e - 22 poisoned darts
 y - a curare-tipped dart (quivered)
Armour
 g - a +2 cloak (worn)
 h - +0 swamp dragon scales (worn)
 t - a +2 pair of gloves (worn)
Jewellery
 b - a ring of willpower (right hand)
 o - a +6 ring of dexterity (left hand)
Wands
 i - a wand of charming (6)
 j - a wand of flame (32)
 q - a wand of iceblast (8)
 v - a wand of polymorph (7)
Scrolls
 f - 2 scrolls of fear
 u - 2 scrolls of blinking
 w - 4 scrolls of teleportation
Potions
 c - 2 potions of heal wounds
 l - a potion of resistance
 m - 2 potions of invisibility
 n - a potion of cancellation
 p - a potion of degeneration
 r - 9 potions of curing
 x - 4 potions of lignification
 z - a potion of attraction
 A - a potion of enlightenment
 B - a potion of magic {unknown}
 C - 3 potions of might {unknown}
 E - 2 potions of mutation
 G - 2 potions of ambrosia {unknown}


   Skills:
 + Level 9.4 Fighting
 + Level 10.0(11.1) Axes
 + Level 8.6(11.0) Maces & Flails
 * Level 12.0 Armour
 * Level 8.3 Dodging
 + Level 3.2 Stealth


You had 12 spell levels left.
You didn't know any spells.
Your spell library was empty.

Dungeon Overview and Level Annotations

Branches:
Dungeon (9/15)             Temple (0/1) D:6            Lair (3/5) D:9
 Shoals (0/4) Lair:3       Spider (0/4) Lair:2          Orc (0/2) D:9

Altars:
Kikubaaqudgha
Sif Muna
Uskayaw
Vehumet
Xom
The Shining One

Shops:
D:3 !   D:6 [?!:(


Innate Abilities, Weirdness & Mutations

You are immune to sickness and miasma.
Your stone body is resilient. (AC +9)
You are immune to poison.
You resist negative energy. (rN+)
You are resistant to electric shocks. (rElec)
You are resistant to unholy torment.
You are immune to petrification.
Your large and strong wings let you fly.
You have a somewhat thin skeletal structure. (Dex +2, Stealth+)


Message History

Unknown command.
You hit the catoblepas but do no damage.
The catoblepas is severely wounded.
The catoblepas gores you.
You hit the catoblepas but do no damage.
The catoblepas is severely wounded.
The catoblepas closely misses you.
Unknown command.
You hit the catoblepas.
The catoblepas is almost dead.
The catoblepas gores you!
Unknown command.
You hit the catoblepas but do no damage.
The catoblepas is almost dead.
The catoblepas gores you but does no damage.
You slash the catoblepas!
The catoblepas is almost dead.
The catoblepas barely misses you.
Unknown command.
You hit the catoblepas but do no damage.
The catoblepas is almost dead.
The catoblepas gores you!
* * * LOW HITPOINT WARNING * * *
You hit the catoblepas but do no damage.
The catoblepas is almost dead.
The catoblepas gores you.
* * * LOW HITPOINT WARNING * * *
Unknown command.
A red film seems to cover your vision as you go berserk!
You feel yourself moving faster!
You feel mighty! The catoblepas gores you!
* * * LOW HITPOINT WARNING * * *
You barely miss the catoblepas.
The catoblepas is almost dead.
The catoblepas misses you.
You barely miss the catoblepas.
The catoblepas is almost dead.
You hit the catoblepas.
The catoblepas is almost dead.
The catoblepas gores you!
You die...

.#....P....####
...........##.###
P...............#
................#
#...............#
#...†....###.≈..#
..##.....##..≈≈.###
..##....P....≈.##.##
...........~.≈..@YP#
#.##P##.##~..≈.....#
#########~#..≈....P#
####≈≈....##
##≈)...# ###.### ###


You could see a catoblepas.

Vanquished Creatures
  A hydra (Lair:2)
  A catoblepas (Lair:1)
  An ugly thing (D:8)
  A manticore (Lair:3)
  10 elephants
  2 black mambas
  9 cane toads
  Maggie (Lair:1)
  A komodo dragon (Lair:2)
  A troll (D:9)
  A wind drake (Lair:3)
  2 polar bears
  Grinder (D:6)
  8 blink frogs (Lair:2)
  2 hornets
  A shadow (D:9)
  A culicivora (Lair:2)
  Sigmund (D:3)
  2 jumping spiders (Lair:2)
  Eustachio (D:4)
  7 yaks
  4 basilisks
  3 redbacks (Lair:2)
  3 wyverns
  4 water moccasins
  3 orc warriors
  2 hornet zombies (D:7)
  A sky beast (D:8)
  3 black bears
  3 ice beasts
  5 centaurs (D:9)
  4 wolves (Lair:2)
  2 kobold brigands (D:8)
  A gnoll sergeant (D:7)
  6 bullfrogs
  A necrophage (D:7)
  18 wights
  41 killer bees
  An electric eel (D:8)
  3 howler monkeys (D:8)
  A jelly (D:6)
  3 centaur zombies (D:7)
  4 hounds
  A human zombie (D:7)
  5 orc priests
  12 orc wizards
  5 iguanas
  2 mummies (D:7)
  A howler monkey zombie (D:7)
  5 gnolls
  7 adders
  3 shadow imps
  A white imp (D:5)
  6 ufetubi
  2 worms (D:2)
  5 dart slugs
  48 orcs
  5 bats
  6 endoplasms
  7 giant cockroaches
  9 goblins
  5 hobgoblins
  4 jackals (D:2)
  14 kobolds
  9 quokkas
  7 ball pythons
  5 frilled lizards
  4 rats
349 creatures vanquished.

Vanquished Creatures (collateral kills)
  An elephant (Lair:2)
1 creature vanquished.

Grand Total: 350 creatures vanquished

Notes
Turn   | Place    | Note
-------+----------+-------------------------------------------
     0 | D:1      | Gargoyl the Gargoyle Berserker began the quest for the Orb.
     0 | D:1      | Reached XP level 1. HP: 14/14 MP: 1/1
   110 | D:1      | Reached XP level 2. HP: 19/19 MP: 2/2
   389 | D:1      | Reached XP level 3. HP: 23/24 MP: 3/3
   642 | D:2      | Reached ** piety under Trog
   646 | D:2      | Reached skill level 1 in Maces & Flails
   713 | D:2      | Reached XP level 4. HP: 26/29 MP: 4/4
  1336 | D:3      | Reached XP level 5. HP: 33/33 MP: 5/5
  1365 | D:3      | Found Viuts's Distillery.
  1438 | D:3      | Noticed Sigmund
  1451 | D:3      | Killed Sigmund
  1452 | D:3      | Reached skill level 3 in Armour
  1452 | D:3      | Reached XP level 6. HP: 39/39 MP: 6/6
  2009 | D:4      | Found a radiant altar of Vehumet.
  2137 | D:4      | Reached skill level 4 in Armour
  2137 | D:4      | Reached XP level 7. HP: 40/44 MP: 7/7
  2479 | D:4      | Noticed Eustachio
  2491 | D:4      | Killed Eustachio
  2589 | D:4      | Gained mutation: You are vulnerable to heat. (rF-) [potion
                  | of mutation]
  2589 | D:4      | Gained mutation: You are strong-willed. (Will+) [potion of
                  | mutation]
  3182 | D:5      | Entered Level 5 of the Dungeon
  3187 | D:5      | Lost mutation: You are strong-willed. (Will+) [potion of
                  | mutation]
  3187 | D:5      | Lost mutation: You are vulnerable to heat. (rF-) [potion of
                  | mutation]
  3187 | D:5      | Gained mutation: You have a somewhat thin skeletal
                  | structure. (Dex +2, Stealth+) [potion of mutation]
  3187 | D:5      | Gained mutation: Your large and strong wings let you fly.
                  | [potion of mutation]
  3191 | D:5      | Identified the +0 robe of the Great Game {Contam *Slow
                  | Str+9 Archmagi}
  3256 | D:5      | Reached skill level 5 in Fighting
  3262 | D:5      | Reached skill level 5 in Armour
  3275 | D:5      | Reached skill level 5 in Maces & Flails
  3275 | D:5      | Reached XP level 8. HP: 39/49 MP: 8/8
  3289 | D:5      | Reached *** piety under Trog
  4038 | D:6      | Noticed Grinder
  4058 | D:6      | Paralysed by Grinder for 3 turns
  4068 | D:6      | Killed Grinder
  4079 | D:6      | Found Fiagi's Distillery.
  4089 | D:6      | Bought a potion of curing for 36 gold pieces
  4089 | D:6      | Bought a potion of curing for 36 gold pieces
  4089 | D:6      | Bought a potion of curing for 36 gold pieces
  4089 | D:6      | Bought a potion of resistance for 120 gold pieces
  4135 | D:6      | Found a shimmering blue altar of Sif Muna.
  4154 | D:5      | Reached skill level 6 in Armour
  4311 | D:6      | Found Ruczer's Antique Armour Shoppe.
  4409 | D:6      | Found a glowing golden altar of the Shining One.
  4425 | D:6      | Found a staircase to the Ecumenical Temple.
  4446 | D:6      | Reached skill level 1 in Stealth
  4577 | D:6      | Reached XP level 9. HP: 46/54 MP: 9/9
  4619 | D:6      | Found Siech's Magic Scroll Boutique.
  4631 | D:6      | Bought a scroll of blinking for 82 gold pieces
  4645 | D:6      | Found Fisigg's Book Shoppe.
  4815 | D:6      | Found Poleafu's Weapon Shop.
  5051 | D:7      | Reached skill level 7 in Armour
  5156 | D:7      | Found an ancient bone altar of Kikubaaqudgha.
  5510 | D:7      | Reached skill level 8 in Armour
  5548 | D:7      | Reached skill level 5 in Dodging
  5714 | D:7      | Reached XP level 10. HP: 31/61 MP: 10/10
  6194 | D:7      | Reached **** piety under Trog
  6226 | D:7      | Noticed Jeremiah
  6330 | D:7      | Jeremiah changed into Jeremiah the polar bear
  6330 | D:7      | Noticed Jeremiah
  6336 | D:7      | Killed Jeremiah the polar bear
  6337 | D:7      | Reached skill level 9 in Armour
  6519 | D:8      | Noticed a white ugly thing
  6568 | D:8      | Killed a white ugly thing
  6622 | D:8      | Reached skill level 5 in Axes
  6829 | D:8      | Noticed a +0 short sword
  6829 | D:8      | Noticed a +0 short sword
  6829 | D:8      | Noticed a +0 dagger
  6829 | D:8      | Noticed a +0 dagger
  6829 | D:8      | Noticed a +0 spear
  6830 | D:8      | Noticed a +0 falchion
  6830 | D:8      | Noticed a +0 spear
  6830 | D:8      | Noticed a +0 falchion
  6842 | D:8      | Found a hide-covered altar of Uskayaw.
  7631 | D:9      | Found a shimmering altar of Xom.
  7663 | D:8      | Reached skill level 10 in Armour
  7670 | D:8      | Reached XP level 11. HP: 37/67 MP: 11/11
  8250 | D:9      | Found a staircase to the Lair.
  8665 | D:9      | Found a staircase to the Orcish Mines.
  8965 | Lair:1   | Entered Level 1 of the Lair of Beasts
  9102 | Lair:1   | Noticed Maggie
  9116 | Lair:1   | Killed Maggie
  9137 | Lair:1   | Noticed a catoblepas
  9165 | Lair:1   | Killed a catoblepas
  9910 | Lair:2   | Reached skill level 11 in Armour
 10178 | Lair:2   | Noticed an eight-headed hydra
 10200 | Lair:2   | Reached XP level 12. HP: 75/75 MP: 12/12
 10626 | Lair:2   | Killed a 15-headed hydra
 11174 | Lair:2   | Found a hole to the Spider Nest.
 11554 | Lair:3   | Found a staircase to the Shoals.
 11814 | Lair:3   | Reached skill level 12 in Armour
 12014 | Lair:3   | Reached skill level 10 in Axes
 12014 | Lair:3   | Reached XP level 13. HP: 71/80 MP: 13/13
 12131 | Lair:3   | Slain by a catoblepas

Illustrated notes

Levels and vault maps discovered:
D:1:      lightli_arrival_lavapool, layout_basic
D:2:      layout_loops_ring, kennysheep_generic_room_3
D:3:      layout_rooms, serial_shops, shop, minmay_misc_feat_pillars,
          dreamdust_princess_bridge, kennysheep_generic_room_13, uniq_sigmund
D:4:      layout_cave_pods, fiery_altar_vehumet, portal_sewer_entry_f,
          uniq_eustachio
D:5:      layout_basic
D:6:      layout_loops_corners, mainiacjoe_overflow_large_starburst,
          temple_pool_b, serial_shops, shop, shop_fountains, shop, shop_scrolls,
          nicolae_shop_stone, skrybe_limestone_x, uniq_grinder
D:7:      layout_rooms, lemuel_mausoleum_altar_kikubaaqudgha,
          chequers_ossuary_entry_cave, minmay_a_box_with_orc_wizards_in_it,
          uniq_jeremiah
D:8:      layout_layer_cave, nicolae_uskayaw_en_pointe,
          nicolae_kite_square_tiling_tiny
D:9:      wad_woods_minihive, layout_gridville, mainiacjoe_overflow_chevrons,
          lair_entry_dummy
Lair:1:   layout_small_grid, uniq_maggie
Lair:2:   layout_regular_city, nicolae_spider_entry_tight_spaces
Lair:3:   layout_misc_corridors, minmay_shoals_entry_beasts, serial_rivers,
          chequers_serial_rivers_small_3, chequers_serial_rivers_large_a,
          chequers_serial_rivers_small_b, chequers_serial_rivers_room_b,
          chequers_serial_rivers_micro_e, chequers_serial_rivers_micro_e

Skill      XL: |  1  2  3  4  5  6  7  8  9 10 11 12 |
---------------+-------------------------------------+-----
Axes           | 3 5 7 10 | 10.0
Maces & Flails | 1 2 3 5 6 7 8 |  8.6
Fighting       | 4 5 6 7 8 9 |  9.4
Armour         | 3 4 5 6 8 10 11 12 | 12.0
Dodging        | 2 3 4 5 6 7 8 |  8.3
Stealth        | 1 2 3 |  3.2

Action                     |  1- 3 |  4- 6 |  7- 9 | 10-12 | 13-15 || total
---------------------------+-------+-------+-------+-------+-------++-------
  Melee: Hand axe          |    19 |       |       |       |       ||    19
         Whip              |    49 |   129 |   477 |   202 |       ||   857
         Punch             |       |     2 |     4 |    16 |     1 ||    23
         War axe           |       |       |       |   602 |    28 ||   630
 Invoke: Berserk           |     1 |     3 |    10 |    24 |     1 ||    39
         Trog's Hand       |       |     3 |     7 |    17 |       ||    27
         Brothers in Arms  |       |       |       |     1 |       ||     1
  Evoke: Wand              |       |       |       |     1 |       ||     1
    Use: Scroll            |     2 |       |     9 |    11 |       ||    22
         Potion            |       |       |     4 |       |       ||     4
   Stab: Petrified         |       |       |       |     6 |       ||     6
         Sleeping          |       |       |       |     1 |       ||     1
 Armour: Animal skin       |    45 |       |       |       |       ||    45
         Chain mail        |       |   185 |   434 |   598 |       ||  1217
         Skin              |       |       |    68 |       |       ||    68
         Swamp dragon scal |       |       |       |   362 |    16 ||   378
  Dodge: Dodged            |    40 |   111 |   287 |   841 |    15 ||  1294

Table legend: (Time is in decaauts)
 A = Elapsed time spent in this place.
 B = Non-inter-level travel time spent in this place.
 C = Inter-level travel time spent in this place.
 D = Time resting spent in this place.
 E = Time spent auto-exploring this place.
 F = Levels seen in this place.
 G = Mean time per level.
                   A        B        C        D        E       F      G
               +--------+--------+--------+--------+--------+-----+--------+
         Total |  12305 |  11993 |    312 |    945 |   7755 |  12 | 1025.4 |
       Dungeon |   9051 |   8804 |    247 |    623 |   5642 |   9 | 1005.7 |
          Lair |   3254 |   3189 |     65 |    322 |   2113 |   3 | 1084.7 |
               +--------+--------+--------+--------+--------+-----+--------+

Top non-repeatable levels by time:
  Lair:2: 1729 daAuts
     D:8: 1483 daAuts
     D:7: 1387 daAuts
     D:4: 1301 daAuts
     D:9: 1047 daAuts
     D:6: 970 daAuts
     D:5: 942 daAuts
  Lair:1: 937 daAuts
     D:2: 717 daAuts
     D:1: 606 daAuts
     D:3: 595 daAuts
  Lair:3: 587 daAuts
